 Dungeon Crawl Stone Soup version 0.31.0-11-ge490571c62 (webtiles) character file.

Game seed: 1946361308645545811

39 Peloso the Trooper (level 3, 0/34 HPs)
             Began as a Minotaur Fighter on Feb 7, 2024.
             Killed from afar by Sigmund (3 damage)
             ... with a puff of flame
             ... on level 3 of the Dungeon.
             The game lasted 00:02:54 (1469 turns).

Peloso the Trooper (Minotaur Fighter)               Turns: 1469, Time: 00:02:55

Health: 0/34       AC: 13    Str: 20    XL:     3   Next: 28%
Magic:  2/2        EV:  5    Int:  5    God:
Gold:   177        SH:  0    Dex: 11    Spells: 2/2 levels left

rFire   . . .        a - +0 long sword
rCold   . . .        d - +0 buckler
rNeg    . . .        g - +0 plate armour
rPois   .            (helmet restricted)
rElec   .            c - scarf {repulsion}
rCorr   .            o - +0 pair of gloves
SInv    .            (no boots)
Will    .....        (no amulet) Stlth
                     (no ring)
HPRegen 0.25/turn    (no ring)
MPRegen 0.08/turn

%: repel missiles
@: confused, brilliant, invisible
A: horns 2, retaliatory headbutt
a: no special abilities


You were on level 3 of the Dungeon.
You visited 1 branch of the dungeon, and saw 3 of its levels.

You collected 177 gold pieces.

Inventory:

Hand Weapons
 a - a +0 long sword (weapon)
Missiles
 j - 2 throwing nets (quivered)
Armour
 b - a +0 scale mail
 c - a scarf of repulsion (worn)
 d - a +0 buckler (worn)
 g - a +0 plate armour (worn)
 o - a +0 pair of gloves (worn)
Talismans
 k - a maw talisman
Scrolls
 h - a scroll of fear {unknown}
 n - a scroll of butterflies {unknown}
 p - a scroll of amnesia
 q - a scroll of identify {unknown}
Potions
 f - 2 potions of might
 i - a potion of invisibility
 m - a potion of degeneration {unknown}


   Skills:
 + Level 4.3 Fighting
 + Level 2.9 Long Blades
 + Level 4.2 Armour
 + Level 3.9 Shields


You had 2 spell levels left.
You didn't know any spells.
Your spell library contained the following spells:

 Spells                   Type           Power      Damage    Failure   Level
 Jinxbite                 Hex            0%         N/A       100%        2
 Yara's Violent Unravell  Hex/Alch       0%         3d3       100%        5
 Enfeeble                 Hex            0%         N/A       100%        7


Dungeon Overview and Level Annotations

Branches:
Dungeon (3/15)

Altars:

Shops:
D:1 ?

Annotations:
D:3 Sigmund


Innate Abilities, Weirdness & Mutations

You have a pair of horns on your head.
You reflexively headbutt those who attack you in melee.


Message History

Sigmund hits you with a +0 scythe.
You feel less confused. Sigmund hits you but does no damage.
You see here a ball python corpse.
Sigmund hits you but does no damage.
You barely miss Sigmund.
Sigmund is severely wounded.
You hit Sigmund.
Sigmund is almost dead.
Sigmund casts a spell at you.
You are confused.
Sigmund gestures wildly while chanting.
Sigmund flickers and vanishes!
Deactivating autopickup; reactivate with Ctrl-A.
Something hits you!
It was a potion of invisibility.
You fade into invisibility!
Something hits you.
You hear some strange, mumbled words.
A magic dart appears from out of thin air!
The magic dart hits you.
* * * LOW HITPOINT WARNING * * *
You feel less confused. Something hits you but does no damage.
There is a strange disturbance nearby!
You closely miss something. You closely miss something.
You hear some strange, mumbled words.
You are confused.
Something hits you.
* * * LOW HITPOINT WARNING * * *
A magic dart appears from out of thin air!
The magic dart hits you.
* * * LOW HITPOINT WARNING * * *
There is a stone staircase leading up here.
It was a potion of brilliance.
You feel clever all of a sudden.
A puff of flame appears from out of thin air!
The puff of flame hits you.
You die...

# #># ##. #.#
...####.#####
#...##.....##
#...........##
+............#
######............#
#..........@......#
#.......†........#
#........).......#
#.$....{.........#
##..............##
#......##.....##
......####.#.###
..##... #.#..# .
..... ......


There were no monsters in sight!

Vanquished Creatures
  An adder (D:2)
  2 endoplasms
  5 giant cockroaches
  2 hobgoblins
  2 quokkas (D:2)
  5 ball pythons
  5 bats
  A frilled lizard (D:1)
  2 goblins
  A kobold (D:1)
  3 rats
29 creatures vanquished.

Notes
Turn   | Place    | Note
-------+----------+-------------------------------------------
     0 | D:1      | Peloso the Minotaur Fighter began the quest for the Orb.
     0 | D:1      | Reached XP level 1. HP: 19/19 MP: 0/0
     2 | D:1      | Noticed a draconian
     4 | D:1      | Noticed a naga
     4 | D:1      | Noticed a vampire
     6 | D:1      | Noticed a vine stalker
     6 | D:1      | Noticed a minotaur
     8 | D:1      | Noticed a human
     8 | D:1      | Noticed a gargoyle
    10 | D:1      | Noticed a demigod
    10 | D:1      | Noticed a tengu
    12 | D:1      | Noticed a merfolk
    12 | D:1      | Noticed a djinni
    16 | D:1      | Noticed an oni
    16 | D:1      | Noticed a felid
    18 | D:1      | Noticed a formicid
    18 | D:1      | Noticed a ghoul
    20 | D:1      | Noticed an elf
    22 | D:1      | Noticed a troll
    22 | D:1      | Noticed a demonspawn
    24 | D:1      | Noticed a barachi
    24 | D:1      | Noticed an octopode
    26 | D:1      | Noticed an armataur
    26 | D:1      | Noticed a spriggan
   369 | D:1      | Reached XP level 2. HP: 27/27 MP: 1/1
   419 | D:1      | Found Unuwiruc's Magic Scroll Emporium.
   829 | D:1      | Found a faded altar of an unknown god.
   829 | D:1      | Noticed an Executioner
   998 | D:2      | Reached XP level 3. HP: 29/33 MP: 2/2
  1058 | D:2      | Identified the +0 ring mail of Demons {^Contam rElec Str+7
                  | Stlth-}
  1434 | D:3      | Noticed Sigmund
  1469 | D:3      | Killed from afar by Sigmund

Illustrated notes

Levels and vault maps discovered:
D:1:      kb_arrival_jail, layout_basic, serial_shops, shop,
          dreamdust_ecumenical_altar_sealed_demon
D:2:      layout_rooms, chequers_serial_rivers_room_a
D:3:      minmay_chambers_of_twos, layout_rooms, nemelex_altar_shiori,
          nicolae_overflow_two_pavilions, uniq_sigmund

Skill      XL: |  1  2 |
---------------+-------+-----
Fighting       | 4 |  4.3
Armour         | 4 |  4.2
Long Blades    | |  2.9
Shields        | |  3.9

Action                     || total
---------------------------++-------
  Melee: Long sword        ||    80
         Headbutt          ||    10
    Use: Scroll            ||     2
         Potion            ||     2
 Armour: Scale mail        ||     8
         Plate armour      ||    73
  Dodge: Dodged            ||    29
  Block: Buckler           ||    22
